 Dungeon Crawl Stone Soup version 0.30.1-9-gdf580d7c3d (webtiles) character file.

Game seed: 6193718824842173662

412 booth the Chopper (level 6, -5/48 HPs)
             Began as a Demonspawn Monk on Oct 19, 2023.
             Slain by Edmund
             ... wielding a +0 flail of holy wrath
              (12 damage)
             ... on level 4 of the Dungeon.
             The game lasted 00:18:41 (3496 turns).

booth the Chopper (Demonspawn Monk)                 Turns: 3496, Time: 00:18:41

Health: -5/48      AC:  5    Str: 14    XL:     6   Next: 59%
Magic:  6/6        EV: 13    Int: 11    God:
Gold:   171        SH:  0    Dex: 15    Spells: 5/5 levels left

rFire   . . .        u - +3 whip
rCold   . . .        d - orb {light}
rNeg    . . .        i - +0 leather armour
rPois   .            (no helmet)
rElec   .            r - +0 cloak
rCorr   .            p - +0 pair of gloves
SInv    .            (no boots)
Will    .....        (no amulet)
Stlth   +            (no ring)
HPRegen 0.28/turn    (no ring)
MPRegen 0.10/turn

%: no passive effects
@: glowing
A: demonic guardian 1
a: no special abilities


You were on level 4 of the Dungeon.
You visited 1 branch of the dungeon, and saw 4 of its levels.

You collected 171 gold pieces.

Inventory:

Hand Weapons
 a - a +0 hand axe
 h - a +0 war axe
 u - a +3 whip (weapon)
 x - the +0 hammer of the Unseen Realm {protect, Will+}
   (You found it on level 3 of the Dungeon)

   Will:      It increases your willpower.
Missiles
 g - an atropa-tipped dart (quivered)
 o - 4 javelins
Armour
 d - an orb of light (worn)
 i - a +0 leather armour (worn)
 p - a +0 pair of gloves (worn)
 r - a +0 cloak (worn)
Jewellery
 t - a ring of ice
Scrolls
 b - a scroll of blinking
 j - a scroll of teleportation
 k - a scroll of enchant weapon {unknown}
 q - a scroll of vulnerability {unknown}
Potions
 c - a potion of ambrosia
 e - a potion of cancellation
 f - a potion of lignification
 l - a potion of brilliance
 n - a potion of magic {unknown}
 v - a potion of flight {unknown}
 w - 2 potions of might


   Skills:
 + Level 4.2 Fighting
 * Level 4.7 Axes
 + Level 2.3 Throwing
 + Level 3.9 Dodging


You had 5 spell levels left.
You didn't know any spells.
Your spell library contained the following spells:

 Spells                   Type           Power      Damage    Failure   Level
 Ozocubu's Armour         Ice            0%         N/A       80%         3
 Portal Projectile        Hex/Tloc       0%         N/A       80%         3
 Tukima's Dance           Hex            0%         N/A       80%         3
 Blade Hands              Tmut           0%         N/A       100%        5
 Metabolic Englaciation   Hex/Ice        0%         N/A       100%        5
 Simulacrum               Ice/Necr       0%         N/A       100%        6


Dungeon Overview and Level Annotations

Branches:
Dungeon (4/15)
 Temple: D:4-7

Altars:

Annotations:
D:4 1 runed translucent door, Edmund; lonewolfV2's ghost, novice MiFi


Innate Abilities, Weirdness & Mutations

A weak demonic guardian rushes to your aid.


Message History

You hit Edmund but do no damage.
Edmund is moderately wounded.
Edmund hits you with a +0 flail of holy wrath.
You convulse.
You swap places.
Your quasit bites Edmund but does no damage.
Your quasit claws Edmund but does no damage. x2
Your quasit bites Edmund but does no damage.
Your quasit barely misses Edmund. x2
Okay, then.
Edmund is no longer blind.
Edmund hits your quasit with a +0 flail of holy wrath!
Your quasit convulses!
Your quasit dies!
Your quasit disappears in a puff of smoke!
Edmund clears his throat.
Edmund hits you with a +0 flail of holy wrath.
You convulse.
You hit Edmund.
Edmund is moderately wounded.
Edmund misses you.
You hit Edmund.
Edmund is heavily wounded.
Edmund misses you.
You hit Edmund but do no damage.
Edmund is heavily wounded.
Edmund hits you but does no damage.
You hit Edmund.
Edmund is heavily wounded.
Edmund barely misses you.
You hit Edmund.
Edmund is severely wounded.
Edmund hits you with a +0 flail of holy wrath!
You convulse.
You hit Edmund but do no damage.
Edmund is severely wounded.
Edmund hits you with a +0 flail of holy wrath!
* * * LOW HITPOINT WARNING * * *
You convulse!
You die...

............#### #.......#
...............# #.......#
.............#.# ###.......#
.............#)# ##.........#
.............#.##### #...##'#...#
.............#.....###....#.+...#
.............#####.#.+....###.(.#
...(.........#####.....))......##
............((K@@.......)........
............##########+##........
............# #W$.#........
............# #♣8♣#.###....
............. ####..<'..[.
........# #....#.... ......g.#
#.......#...... !.......#
#)#.....#.###.. #...#####.# #..


You could see Edmund and a kobold.

Vanquished Creatures
  Sigmund (D:2)
  An ogre (D:4)
  Crazy Yiuf (D:3)
  2 orc wizards (D:4)
  2 adders (D:3)
  3 orcs
  5 ball pythons
  2 bats
  7 endoplasms
  3 giant cockroaches
  7 goblins
  5 hobgoblins
  6 jackals
  2 kobolds
  3 quokkas
  3 frilled lizards (D:2)
  7 rats
60 creatures vanquished.

Vanquished Creatures (collateral kills)
  A dart slug (D:1)
  2 endoplasms (D:1)
3 creatures vanquished.

Grand Total: 63 creatures vanquished

Notes
Turn   | Place    | Note
-------+----------+-------------------------------------------
     0 | D:1      | booth the Demonspawn Monk began the quest for the Orb.
     0 | D:1      | Reached XP level 1. HP: 18/18 MP: 1/1
   107 | D:1      | Gained mutation: A weak demonic guardian rushes to your
                  | aid. [demonic ancestry]
   107 | D:1      | Reached XP level 2. HP: 23/24 MP: 2/2
   511 | D:1      | Found a faded altar of an unknown god.
   787 | D:1      | Reached XP level 3. HP: 25/29 MP: 3/3
  1453 | D:2      | Noticed Sigmund
  1485 | D:2      | Killed Sigmund
  1486 | D:2      | Reached skill level 1 in Throwing
  1486 | D:2      | Reached XP level 4. HP: 8/37 MP: 4/4
  1486 | D:2      | Reached XP level 5. HP: 10/42 MP: 5/5
  2981 | D:3      | Found a runed translucent door.
  2982 | D:3      | Noticed Crazy Yiuf
  2998 | D:3      | Killed Crazy Yiuf
  2999 | D:3      | Reached XP level 6. HP: 11/48 MP: 6/6
  3148 | D:3      | Identified the +0 hammer of the Unseen Realm {protect,
                  | Will+}
  3195 | D:4      | Found a runed translucent door.
  3197 | D:4      | Noticed lonewolfV2's ghost (novice MiFi)
  3468 | D:4      | Noticed Edmund
  3496 | D:4      | Slain by Edmund

Illustrated notes

Levels and vault maps discovered:
D:1:      wander_arrival_chamber, layout_basic, basic_ecumenical_altar,
          st_stairs_14
D:2:      minmay_wonky_spiral, layout_basic, serial_glass, glass_columns_b,
          glass_columns_a, kennysheep_cluttered_room, glass_columns_a,
          uniq_sigmund
D:3:      layout_basic, uniq_crazy_yiuf_cottage
D:4:      layout_basic, gammafunk_ghost_grave, uniq_edmund

Skill      XL: |  1  2  3  4  5 |
---------------+----------------+-----
Axes           | 3 4 |  4.7
Dodging        | 3 |  3.9
Throwing       | 1 2 |  2.3
Fighting       | 4 |  4.2

Action                     |  1- 3 |  4- 6 || total
---------------------------+-------+-------++-------
  Melee: Hand axe          |    90 |    33 ||   123
         Whip              |       |    44 ||    44
  Throw: Dart              |     6 |    12 ||    18
    Use: Scroll            |     4 |     3 ||     7
         Potion            |     1 |     1 ||     2
   Stab: Invisible         |       |     1 ||     1
 Armour: Robe              |     5 |       ||     5
         Leather armour    |     9 |    32 ||    41
  Dodge: Dodged            |    59 |    62 ||   121
